 Dungeon Crawl Stone Soup version 0.31-a0-43-g46d131a48f (webtiles) character file.

Game seed: 13302574844904479983

109 hadoken the Shooter (level 4, -2/34 HPs)
             Began as a Barachi Hunter on May 19, 2023.
             Slain by an iguana (11 damage)
             ... on level 3 of the Dungeon.
             The game lasted 00:02:38 (1307 turns).

hadoken the Shooter (Barachi Hunter)                Turns: 1307, Time: 00:02:39

Health: -2/34      AC:  3    Str:  9 (12) XL:     4   Next: 90%
Magic:  4/4        EV: 11    Int:  8 (10) God:
Gold:   114        SH:  0    Dex: 14 (17) Spells: 3/3 levels left

rFire   . . .        a - +0 shortbow
rCold   . . .        (shield currently unavailable)
rNeg    + . .        c - +0 leather armour
rPois   .            (no helmet)
rElec   .            (no cloak)
rCorr   .            (no gloves)
SInv    .            (no boots)
Will    .....        (no amulet)
Stlth   +            j - ring of positive energy
HPRegen 0.25/turn    (no ring)
MPRegen 0.09/turn

%: no passive effects
@: mighty, unable to hop, slow
A: amphibious, slowness 1, strong legs 1, +LOS
a: Hop


You were on level 3 of the Dungeon.
You visited 1 branch of the dungeon, and saw 3 of its levels.

You collected 150 gold pieces.
You spent 36 gold pieces at shops.

Inventory:

Hand Weapons
 a - a +0 shortbow (weapon)
Armour
 c - a +0 leather armour (worn)
Magical Staves
 m - a staff of conjuration
Jewellery
 j - a ring of positive energy (left hand)
Scrolls
 b - 2 scrolls of immolation
 d - a scroll of fear {unknown}
 e - a scroll of noise {unknown}
 g - a scroll of enchant armour {unknown}
 i - a scroll of magic mapping {unknown}
 l - a scroll of enchant weapon {unknown}
 o - a scroll of teleportation {unknown}
 p - a scroll of blinking {unknown}
Potions
 f - a potion of degeneration
 k - a potion of berserk rage
 n - a potion of might


   Skills:
 - Level 2.4 Fighting
 + Level 6.1 Ranged Weapons
 - Level 2.1 Dodging
 - Level 0.8 Stealth


You had 3 spell levels left.
You didn't know any spells.
Your spell library contained the following spells:

 Spells                   Type           Power      Damage    Failure   Level
 Blink                    Tloc           0%         N/A       67%         2
 Lesser Beckoning         Tloc           0%         N/A       67%         2
 Momentum Strike          Conj/Tloc      0%         3d8       67%         2
 Summon Forest            Summ/Tloc      0%         N/A       100%        5
 Eringya's Noxious Bog    Tmut/Pois      0%         N/A       100%        6
 Summon Hydra             Summ           0%         N/A       100%        7


Dungeon Overview and Level Annotations

Branches:
Dungeon (3/15)

Altars:

Shops:
D:1 *


Innate Abilities, Weirdness & Mutations

You are amphibious.
You cover ground slowly.
You can hop short distances.
You have an extended range of vision and can be seen from far away.


Message History

Hop to where?
Press: ? - help, Dir - move target, p - iguana
Okay, then.
Hop to where?
Press: ? - help, Dir - move target, p - iguana Boing!
Your legs are too worn out to hop.
Unknown command.
Fire: a) +0 shortbow
Press: ? - help, Shift-Dir - straight line, f - iguana
Aim: an iguana (lightly wounded, 68% to hit)
You shoot an arrow. The arrow hits the iguana.
The iguana is moderately wounded.
Your legs are too worn out to hop.
Fire: a) +0 shortbow
Press: ? - help, Shift-Dir - straight line, f/p - iguana
Aim: an iguana (moderately wounded, 68% to hit)
Okay, then.
Okay, then.
Okay, then.
Fire: a) +0 shortbow
Press: ? - help, Shift-Dir - straight line, f/p - iguana
Aim: an iguana (moderately wounded, 68% to hit)
You shoot an arrow. The arrow hits the iguana.
The iguana is heavily wounded.
Fire: a) +0 shortbow
Press: ? - help, Shift-Dir - straight line, f/p - iguana
Aim: an iguana (heavily wounded, 68% to hit)
You shoot an arrow. The arrow barely misses the iguana.
The iguana closely misses you. The iguana bites you!
* * * LOW HITPOINT WARNING * * *
It was a potion of degeneration.
There was something very wrong with that liquid.
You feel weakened.
You feel dopey.
You feel clumsy. The iguana barely misses you.
You feel better. The iguana barely misses you.
It was a potion of might.
You feel very mighty all of a sudden. The iguana bites you!
You die...

#.##.##
##.....>.###
#.####
##....<...#
#.#
##...###.#
#.# ##.## .#
#.# #.####.
#.#
########.##..
...
#........##.#
#.
#.#.###...#.#
# #..@l..#.#
##...<...#
#..#...##
........##
......####
#.####.# #
..# ####


You could see an iguana.

Vanquished Creatures
  Jessica (D:2)
  3 adders (D:2)
  A worm (D:3)
  A dart slug (D:2)
  An orc (D:3)
  6 endoplasms
  5 giant cockroaches
  2 goblins
  4 hobgoblins
  3 quokkas
  4 ball pythons
  10 bats
  A frilled lizard (D:1)
  8 rats
50 creatures vanquished.

Notes
Turn   | Place    | Note
-------+----------+-------------------------------------------
     0 | D:1      | hadoken the Barachi Hunter began the quest for the Orb.
     0 | D:1      | Reached XP level 1. HP: 17/17 MP: 1/1
    70 | D:1      | Reached XP level 2. HP: 23/23 MP: 2/2
   167 | D:1      | Found Piettyif's Assorted Antiques.
   176 | D:1      | Bought a scroll labelled KAEW DOETIS for 19 gold pieces
   176 | D:1      | Bought a lumpy golden potion for 17 gold pieces
   270 | D:1      | Found a faded altar of an unknown god.
   633 | D:2      | Noticed Jessica
   638 | D:2      | Killed Jessica
   639 | D:2      | Reached skill level 5 in Ranged Weapons
   639 | D:2      | Reached XP level 3. HP: 28/28 MP: 3/3
   668 | D:2      | Reached XP level 4. HP: 34/34 MP: 4/4
   959 | D:2      | Reached skill level 6 in Ranged Weapons
  1307 | D:3      | Slain by an iguana

Illustrated notes

Levels and vault maps discovered:
D:1:      doesnt_arrival_eight_statues, layout_loops_ring,
          ebering_ecumenical_altar_box, serial_shops, shop
D:2:      layout_basic, uniq_jessica
D:3:      layout_loops_corners

Skill      XL: |  1  2  3  4 |
---------------+-------------+-----
Ranged Weapons | 5 6 |  6.1
Fighting       | |  2.4
Dodging        | |  2.1
Stealth        | |  0.8

Action                     |  1- 3 |  4- 6 || total
---------------------------+-------+-------++-------
   Fire: Shortbow          |    61 |    86 ||   147
Ability: Hop               |     1 |     2 ||     3
    Use: Potion            |       |     3 ||     3
         Scroll            |       |     2 ||     2
 Armour: Leather armour    |     9 |    11 ||    20
  Dodge: Dodged            |    17 |    30 ||    47

Table legend: (Time is in decaauts)
 A = Elapsed time spent in this place.
 B = Non-inter-level travel time spent in this place.
 C = Inter-level travel time spent in this place.
 D = Time resting spent in this place.
 E = Time spent auto-exploring this place.
 F = Levels seen in this place.
 G = Mean time per level.
                   A        B        C        D        E       F      G
               +--------+--------+--------+--------+--------+-----+--------+
         Total |   1560 |   1510 |     50 |      0 |   1214 |   3 |  520.0 |
       Dungeon |   1560 |   1510 |     50 |      0 |   1214 |   3 |  520.0 |
               +--------+--------+--------+--------+--------+-----+--------+

Top non-repeatable levels by time:
     D:1: 706 daAuts
     D:2: 541 daAuts
     D:3: 312 daAuts
